 Dungeon Crawl Stone Soup version 0.31-a0-986-g5e6e4ef867 (webtiles) character file.

Game seed: 16999087454892824969

366 monsoonserge the Ruffian (level 6, -11/38 HPs)
             Began as an Octopode Shapeshifter on Nov 18, 2023.
             Mangled by Duvessa
             ... wielding a +0 short sword
              (17 damage)
             ... on level 4 of the Dungeon.
             The game lasted 00:07:25 (2870 turns).

monsoonserge the Ruffian (Octopode Shapeshifter)    Turns: 2870, Time: 00:07:26

Health: -11/38     AC:  1    Str: 16    XL:     6   Next: 68%
Magic:  15/15      EV: 13    Int: 12    God:
Gold:   382        SH:  5    Dex: 11    Spells: 5/5 levels left

rFire   . .          .
                       - Unarmed
rCold   . . .        (no shield)
rNeg    . . .        (helmet currently unavailable)
rPois   .            u - amulet of reflection
rElec   .            g - ring of magical power
rCorr   .            s - ring of flight
SInv    .            (no ring)
Will    .....        (no ring)
Stlth   ++           (no ring)
HPRegen 0.26/turn    (no ring)
MPRegen 0.14/turn    (no ring)
                     (no ring)

%: reflection
@: lit by a corona, beast-form, flying, glowing
A: beast (slay +2), almost no armour, amphibious, 8 rings, camouflage 1,
gelatinous body 1, (nimble swimmer 1), tentacles
a: Begin Untransformation


You were on level 4 of the Dungeon.
You were a hulking beast.
You visited 2 branches of the dungeon, and saw 6 of its levels.

You collected 382 gold pieces.

Inventory:

Missiles
 j - 3 javelins
 o - 2 poisoned darts (quivered)
Jewellery
 g - a ring of magical power (left tentacle)
 s - a ring of flight (right tentacle)
 u - an amulet of reflection (around mantle)
 v - an amulet of the acrobat
Talismans
 b - a beast talisman
 c - a flux talisman
Wands
 t - a wand of roots (12)
Scrolls
 h - 2 scrolls of blinking
 k - 4 scrolls of immolation
 l - 3 scrolls of teleportation
 m - a scroll of revelation
 p - a scroll of amnesia
 q - a scroll of fog
 r - a scroll of fear
 y - a scroll of enchant weapon {unknown}
Potions
 a - a potion of lignification
 d - a potion of heal wounds {unknown}
 e - a potion of attraction {unknown}
 f - 2 potions of brilliance
 i - 2 potions of degeneration {unknown}
 n - 2 potions of haste {unknown}
 w - a potion of enlightenment {unknown}
 x - a potion of berserk rage {unknown}


   Skills:
 + Level 1.1 Fighting
 + Level 2.7 Dodging
 - Level 4.0 Stealth
 * Level 5.2 Unarmed Combat
 - Level 1.0 Evocations
 + Level 4.1 Shapeshifting


You had 5 spell levels left.
You didn't know any spells.
Your spell library contained the following spells:

 Spells                   Type           Power      Damage    Failure   Level
 Tukima's Dance           Hex            0%         N/A       69%         3
 Dimensional Bullseye     Hex/Tloc       0%         N/A       97%         4
 Iskenderun's Mystic Bla  Conj/Tloc      0%         2d3       97%         4


Dungeon Overview and Level Annotations

Branches:
Dungeon (5/15)             Temple (1/1) D:4

Altars:
Ashenzari
Cheibriados
Dithmenos
Elyvilon
Fedhas
Hepliaklqana
Kikubaaqudgha
Nemelex Xobeh
Okawaru
Qazlal
Ru
Sif Muna
Trog
Uskayaw
Vehumet
Xom
Zin

Annotations:
D:4 2 runed translucent doors, Duvessa; osoart's ghost, amateur DgSh
D:5 Eustachio


Innate Abilities, Weirdness & Mutations

You are a hulking beast.
Your limbs bulge with bestial killing power. (Slay +2)
You cannot wear most types of armour.
You are amphibious.
You can wear up to eight rings at the same time.
Your skin changes colour to match your surroundings (Stealth+).
Your rubbery body absorbs attacks. (AC +1, EV +1)
((You are camouflaged when in or above water. (Stealth+)))
You have tentacles for arms and can constrict up to eight enemies at once.


Message History

You now have 382 gold pieces (gained 11).
Duvessa, Sister of Dowan comes into view.
She is wielding a +0 short sword.
The helpless adder fails to defend itself.
You bludgeon the adder!
You kill the adder!
Duvessa shouts!
Dowan casts a spell at you.
You are outlined in light.
Your Unarmed Combat skill increases to level 5!
Okay, then.
You tentacle-slap Dowan. Your grab misses Dowan. Your squeeze misses Dowan.
Dowan is lightly wounded.
Dowan hits you with a +0 dagger.
You completely miss Dowan. You grab Dowan.
Dowan is lightly wounded.
You constrict Dowan. You tentacle-slap Dowan. Your squeeze misses Dowan.
Dowan is moderately wounded.
You constrict Dowan. Dowan hits you with a +0 dagger.
You tentacle-slap Dowan.
Dowan is heavily wounded.
You constrict Dowan. Dowan hits you with a +0 dagger.
You tentacle-slap Duvessa. You grab Duvessa.
Duvessa is lightly wounded.
You constrict Duvessa, but do no damage.
You constrict Dowan. Duvessa hits you with a +0 short sword!
Dowan hits you with a +0 dagger.
You tentacle-slap Dowan.
Dowan is almost dead.
You constrict Duvessa, but do no damage.
You constrict Dowan.
You kill Dowan!
Duvessa screams in rage.
Duvessa goes berserk!
You block Duvessa's attack. Duvessa hits you with a +0 short sword!
* * * LOW HITPOINT WARNING * * *
You tentacle-slap Duvessa. You squeeze Duvessa!
Duvessa is heavily wounded.
You constrict Duvessa. Duvessa hits you with a +0 short sword!
You die...

#.......... #..........
#.......... #####..........
#...##$.......# ###
#...##........#
...#...#.e).......
#.##.##$†h.......
#....##..........
##.#.##..........
##....#.......... #######
#.#..#..#........!# ##......
#................####.......
##...##.....####### #........
....# #..##...## #.†......
###..###..####..######........


You could see Duvessa (berserk).

Vanquished Creatures
  Edmund (D:4)
  Dowan (D:4)
  A hound (D:4)
  A sleepcap (D:4)
  Ijyb (D:5)
  4 adders
  5 worms
  3 dart slugs
  4 ball pythons
  4 endoplasms
  2 giant cockroaches (D:2)
  7 goblins
  11 hobgoblins
  3 quokkas (D:2)
  7 bats
  A frilled lizard (D:2)
  3 kobolds
  4 rats
63 creatures vanquished.

Vanquished Creatures (others)
  A frilled lizard (D:1)
1 creature vanquished.

Grand Total: 64 creatures vanquished

Notes
Turn   | Place    | Note
-------+----------+-------------------------------------------
     0 | D:1      | monsoonserge the Octopode Shapeshifter began the quest for
                  | the Orb.
     0 | D:1      | Reached XP level 1. HP: 13/13 MP: 1/1
   170 | D:1      | Reached XP level 2. HP: 12/18 MP: 2/2
   722 | D:2      | Found a faded altar of an unknown god.
   767 | D:2      | Reached XP level 3. HP: 21/23 MP: 3/3
   813 | D:2      | Reached skill level 1 in Stealth
  1038 | D:2      | Reached XP level 4. HP: 20/28 MP: 4/4
  2228 | D:4      | Reached XP level 5. HP: 30/33 MP: 5/5
  2239 | D:4      | Noticed Dowan
  2301 | D:4      | Identified the +3 hand axe of Miuwk {heavy, *Corrode Int+4
                  | Stlth+}
  2318 | D:4      | Found a large runed translucent door.
  2319 | D:4      | Found a large runed translucent door.
  2322 | D:4      | Noticed osoart's ghost (amateur DgSh)
  2343 | D:5      | Identified the "Parom"
  2343 | D:5      | Entered Level 5 of the Dungeon
  2344 | D:5      | Noticed Ijyb
  2353 | D:5      | Killed Ijyb
  2408 | D:5      | Noticed Eustachio
  2408 | D:5      | Noticed a black bear
  2443 | D:4      | Found a staircase to the Ecumenical Temple.
  2485 | Temple   | Entered the Ecumenical Temple
  2514 | D:4      | Reached skill level 4 in Unarmed Combat
  2670 | D:4      | Noticed Edmund
  2679 | D:4      | Killed Edmund
  2680 | D:4      | Reached skill level 1 in Evocations
  2680 | D:4      | Reached XP level 6. HP: 7/38 MP: 6/6
  2861 | D:4      | Noticed Duvessa
  2863 | D:4      | Reached skill level 5 in Unarmed Combat
  2869 | D:4      | Killed Dowan
  2870 | D:4      | Mangled by Duvessa

Illustrated notes

Levels and vault maps discovered:
D:1:      denvon_arrival_planthouse, layout_rooms, lemuel_flame_loot_1
D:2:      layout_basic, chequers_ecumenical_altar_simple, minmay_joined_circles
D:3:      layout_basic, ebering_dispersal_statue_hall, minmay_gold_behind_fungi,
          minmay_starry_boxes
D:4:      layout_rooms, minmay_temple_entry_large_hall,
          ebering_ghost_disaster_area, uniq_duvessa, uniq_edmund
D:5:      layout_basic, serial_shops, shop, uniq_ijyb, uniq_menkaure,
          uniq_eustachio
Temple:   minmay_crystal_spiral_temple

Skill      XL: |  1  2  3  4  5  6 |
---------------+-------------------+-----
Stealth        | 1 2 4 |  4.0
Shapeshifting  | 4 |  4.1
Unarmed Combat | 4 5 |  5.2
Evocations     | 1 |  1.0
Fighting       | |  1.1
Dodging        | |  2.7

Action                     |  1- 3 |  4- 6 || total
---------------------------+-------+-------++-------
  Melee: Unarmed           |    70 |    60 ||   130
         Constrict         |    21 |    18 ||    39
         Tentacles         |    18 |    11 ||    29
         Punch             |     3 |     1 ||     4
    Use: Scroll            |       |     8 ||     8
   Stab: Sleeping          |     5 |    14 ||    19
 Armour: Skin              |    35 |    21 ||    56
  Dodge: Dodged            |    34 |    21 ||    55
  Block: Other             |       |     1 ||     1

Table legend: (Time is in decaauts)
 A = Elapsed time spent in this place.
 B = Non-inter-level travel time spent in this place.
 C = Inter-level travel time spent in this place.
 D = Time resting spent in this place.
 E = Time spent auto-exploring this place.
 F = Levels seen in this place.
 G = Mean time per level.
                   A        B        C        D        E       F      G
               +--------+--------+--------+--------+--------+-----+--------+
         Total |   2859 |   2750 |    109 |    314 |   1330 |   6 |  476.5 |
       Dungeon |   2858 |   2749 |    109 |    314 |   1330 |   5 |  571.6 |
        Temple |      1 |      1 |      0 |      0 |      0 |   1 |    1.0 |
               +--------+--------+--------+--------+--------+-----+--------+

Top non-repeatable levels by time:
     D:2: 878 daAuts
     D:3: 706 daAuts
     D:1: 631 daAuts
     D:4: 565 daAuts
     D:5: 76 daAuts
  Temple: 1 daAuts
